 Dungeon Crawl Stone Soup version 0.30-a0-553-g7fabdf1491 (webtiles) character file.

Game seed: 17520229157223144298

1 Zonian the Cutter (level 1, -2/11 HPs)
             Began as a Vine Stalker Gladiator on Dec 27, 2022.
             Slain by a gnoll
             ... wielding a +0 whip
              (3 damage)
             ... on level 1 of the Dungeon.
             The game lasted 00:00:15 (207 turns).

Zonian the Cutter (Vine Stalker Gladiator)           Turns: 207, Time: 00:00:15

Health: -2/11      AC:  4    Str: 16    XL:     1   Next: 20%
Magic:  0/2        EV: 12    Int:  8    God:
Gold:   0          SH:  0    Dex: 15    Spells: 0/0 levels left

rFire   . . .      SeeInvis .    a - +0 rapier
rCold   . . .      Faith    .    (no shield)
rNeg    . . .      Spirit   +    b - +0 leather armour
rPois   .          Reflect  .    c - +0 helmet
rElec   .          Harm     .    (no cloak)
rCorr   .          Rampage  .    (no gloves)
Will    .....                    (no boots)
Stlth   +                        (no amulet)
HPRegen 0.21/turn                (no ring)
MPRegen 0.08/turn                (no ring)

@: no status effects
A: fangs 2, magic shield, antimagic bite, no potion heal 2
a: no special abilities


You were on level 1 of the Dungeon.
You visited 1 branch of the dungeon, and saw 1 of its levels.

Inventory:

Hand Weapons
 a - a +0 rapier (weapon)
Missiles
 d - 3 throwing nets (quivered)
 e - a javelin
 f - 5 poisoned darts
Armour
 b - a +0 leather armour (worn)
 c - a +0 helmet (worn)


   Skills:
 + Level 1.8 Fighting
 + Level 2.7 Short Blades
 + Level 1.8 Throwing
 + Level 2.4 Dodging


You couldn't memorise any spells.
You didn't know any spells.
Your spell library was empty.

Dungeon Overview and Level Annotations

Branches:
Dungeon (1/15)

Altars:


Innate Abilities, Weirdness & Mutations

You have extremely sharp teeth.
When hurt, damage is shared between your health and your magic reserves.
Your bite disrupts and absorbs the magic of your enemies.
Potions cannot restore your health.


Message History

A rat is nearby!
Unknown command.
Found 5 poisoned darts.
Found a stone staircase leading down.
The rat bites you.
You barely miss the rat. Your bite misses the rat.
The rat bites you but does no damage.
You hit the rat.
The rat is heavily wounded.
The rat closely misses you. The rat bites you.
Unknown command.
You throw a throwing net. The throwing net hits the rat.
The rat is caught in the net!
The rat is heavily wounded.
You throw a throwing net. The throwing net hits the rat.
The rat is heavily wounded.
The rat struggles against the net.
Unknown command.
You hit the rat.
You kill the rat!
d - 2 throwing nets (gained 1);
d - 3 throwing nets (gained 1)
You see here 5 poisoned darts.
f - 5 poisoned darts Magic restored.
Found a leather armour.
A gnoll comes into view. It is wielding a +0 whip.
Unknown command.
The gnoll shouts!
An endoplasm comes into view.
The endoplasm quivers.
You hit the gnoll.
The gnoll is moderately wounded.
The gnoll hits you with a +0 whip!
Ouch! That really hurt!
* * * LOW HITPOINT WARNING * * *
You barely miss the gnoll. You bite the gnoll, but do no damage.
The gnoll is moderately wounded.
The gnoll hits you with a +0 whip.
* * * LOW HITPOINT WARNING * * *
The gnoll hits you with a +0 whip.
You die...

..............#≈≈≈≈~≈≈≈≈
.............#≈≈≈≈~~~~~
.............#≈≈≈~~...~
####....####.#≈~~~..<..
#....####.#≈≈~~~...~
#.........#≈≈≈≈~~~~~
###J..#####≈≈≈≈~~~~≈ #g###
#≈≈≈≈~~~~~ ###@# ..
#≈≈≈≈~~~~~ ####...#...
#≈≈≈≈~~~≈~ #.....##...
#≈≈≈~~≈~~~
#.#..........#≈≈≈~≈≈~~~ ...
#......#.....#≈≈~~≈~~~≈
....#......#.....#≈≈~~~≈~≈≈
............+.....#≈≈~~≈≈~≈≈
..........#.#.....#~~~~~~~~~
.....#>##.#.......#.........


You could see a gnoll and an endoplasm.

Vanquished Creatures
  A ball python (D:1)
  A rat (D:1)
2 creatures vanquished.

Notes
Turn   | Place    | Note
-------+----------+-------------------------------------------
     0 | D:1      | Zonian the Vine Stalker Gladiator began the quest for the
                  | Orb.
     0 | D:1      | Reached XP level 1. HP: 11/11 MP: 2/2
   207 | D:1      | Slain by a gnoll

Illustrated notes

Levels and vault maps discovered:
D:1:      zaba_arrival_water, layout_basic, chequers_serial_rivers_micro_a,
          st_stairs_12, dreamdust_wishing_well, kennysheep_pointless_box,
          minmay_box_of_dots

Action                   || total
-------------------------++-------
Melee: Rapier            ||     8
       Bite              ||     1
Throw: Throwing net      ||     2
Armor: Leather armour    ||     1
Dodge: Dodged            ||     3

Table legend: (Time is in decaauts)
 A = Elapsed time spent in this place.
 B = Non-inter-level travel time spent in this place.
 C = Inter-level travel time spent in this place.
 D = Time resting spent in this place.
 E = Time spent auto-exploring this place.
 F = Levels seen in this place.
 G = Mean time per level.
                   A        B        C        D        E       F      G
               +--------+--------+--------+--------+--------+-----+--------+
         Total |    213 |    213 |      0 |      0 |    173 |   1 |  213.0 |
       Dungeon |    213 |    213 |      0 |      0 |    173 |   1 |  213.0 |
               +--------+--------+--------+--------+--------+-----+--------+

Top non-repeatable levels by time:
     D:1: 213 daAuts
